 Dungeon Crawl Stone Soup version 0.29.1-13-g9f3cf754e1 (webtiles) character file.

Game seed: 9093486177630931782

82 flickminster the Grave Robber (level 4, -5/27 HPs)
             Began as a Human Necromancer on Feb 1, 2023.
             Was a Follower of Hepliaklqana.
             Slain by a gnoll
             ... wielding a +0 spear
              (7 damage)
             ... on level 2 of the Dungeon.
             The game lasted 00:15:12 (2686 turns).

flickminster the Grave Robber (Human Necromancer)   Turns: 2686, Time: 00:15:12

Health: -5/27      AC:  7    Str:  9    XL:     4   Next: 70%
Magic:  0/7        EV:  6    Int: 17    God:    Hepliaklqana [*.....]
Gold:   176        SH:  0    Dex: 13    Spells: 7/8 levels left

rFire   . . .      SeeInvis .   i - +1 whip (elec)
rCold   . . .      Faith    .   (no shield)
rNeg    + . .      Spirit   +   o - +1 robe {rN+}
rPois   .          Reflect  .   (no helmet)
rElec   .          Harm     .   (no cloak)
rCorr   .          Rampage  .   (no gloves)
Will    .....                   (no boots)
Stlth   ++........              f - amulet of guardian spirit
HPRegen 0.09/turn               r - +4 ring of protection
MPRegen 0.10/turn               (no ring)

@: held
A: reduced essence
a: Renounce Religion, Recall Ancestor, Ancestor Identity


You were on level 2 of the Dungeon.
You worshipped Hepliaklqana.
Hepliaklqana was aware of your devotion.
You visited 1 branch of the dungeon, and saw 2 of its levels.

You collected 176 gold pieces.

Inventory:

Hand Weapons
 e - a +0 mace
 i - a +1 whip of electrocution (weapon)
Missiles
 j - 32 stones
Armour
 a - a +0 robe
 h - a +0 tower shield
 o - a +1 robe of positive energy (worn)
Jewellery
 f - an amulet of guardian spirit (around neck)
 r - a +4 ring of protection (left hand)
Wands
 n - a wand of roots (8)
Scrolls
 c - a scroll of fear {unknown}
 d - 2 scrolls of identify {unknown}
 g - a scroll of enchant armour {unknown}
 m - a scroll of blinking {unknown}
 q - a scroll of noise {unknown}
Potions
 b - a potion of magic
 k - a potion of curing {unknown}
 l - 2 potions of heal wounds {unknown}
 p - a potion of flight {unknown}


   Skills:
 - Level 0.5(0.6) Maces & Flails
 + Level 0.2(0.4) Staves
 + Level 2.1 Dodging
 + Level 2.3 Stealth
 + Level 2.5 Spellcasting
 + Level 5.0 Necromancy
 + Level 0.2 Invocations
 + Level 0.3 Evocations


You had 7 spell levels left.
You knew the following spells:

 Your Spells              Type           Power      Damage    Failure   Level
a - Necrotise             Necr           76%        1d7       2%          1

Your spell library contained the following spells:

 Spells                   Type           Power      Damage    Failure   Level
 Vampiric Draining        Necr           19%        2d7       7%          3
 Beastly Appendage        Tmut           4%         N/A       19%         1
 Animate Dead             Necr           19%        N/A       22%         4
 Ensorcelled Hibernation  Hex/Ice        4%         N/A       28%         2
 Passwall                 Tmut/Erth      1%         N/A       28%         2
 Wereblood                Tmut           2%         N/A       28%         2
 Dazzling Flash           Conj/Hex       4%         N/A       50%         3
 Spider Form              Tmut/Pois      2%         N/A       50%         3
 Swiftness                Air            2%         N/A       50%         3
 Agony                    Necr           19%        N/A       54%         5
 Silence                  Hex/Air        1%         N/A       99%         5


Dungeon Overview and Level Annotations

Branches:
Dungeon (2/15)

Altars:
Hepliaklqana


Message History

j - 32 stones (gained 5)
You see here a +0 short sword.
A gnoll comes into view.
It is wielding a +0 halberd. 2 gnolls come into view.
Found a scroll labelled QELE ASCHECAOQ.
The gnoll shouts!
The gnoll barely misses you.
Aiming: Necrotise (safe; 2% risk of failure)
Press: ? - help, Q - select action, (/) - cycle Shift-Dir - straight line, f - gnoll
Aim: a gnoll, wielding a +0 halberd (ally target, chance to affect: 84%)
The gnoll writhes in agony.
The gnoll closely misses you.
The gnoll hits you from afar with a +0 spear.
Aiming: Necrotise (safe; 2% risk of failure)
Press: ? - help, Q - select action, (/) - cycle Shift-Dir - straight line, f/p - gnoll
Aim: a gnoll, wielding a +0 halberd (moderately wounded, ally target, chance to affect: 84%)
The gnoll writhes in agony.
The gnoll barely misses you.
The gnoll hits you from afar with a +0 spear.
Aiming: Necrotise (safe; 2% risk of failure)
Press: ? - help, Q - select action, (/) - cycle Shift-Dir - straight line, f/p - gnoll
Aim: a gnoll, wielding a +0 halberd (heavily wounded, ally target, chance to affect: 84%)
The gnoll barely resists.
The gnoll hits you but does no damage.
The gnoll throws a throwing net.
The throwing net hits you.
You become entangled in the net!
You struggle against the net.
The gnoll hits you from afar with a +0 halberd.
The gnoll hits you from afar with a +0 spear.
Aiming: Necrotise (safe; 2% risk of failure)
Press: ? - help, Q - select action, (/) - cycle Shift-Dir - straight line, f/p - gnoll
Aim: a gnoll, wielding a +0 halberd (heavily wounded, ally target, chance to affect: 84%)
The gnoll writhes in agony.
The gnoll hits you from afar with a +0 halberd.
The gnoll hits you from afar with a +0 spear.
* * * LOW HITPOINT WARNING * * *
You tear a large gash into the net.
The gnoll hits you from afar with a +0 halberd.
* * * LOW HITPOINT WARNING * * *
The gnoll hits you from afar with a +0 spear!
You die...

## .. #.##########
?.........# .........#
...g...##
################..gg....
...............#@###
###....#...##..#.R.#
#....#...###.#.#.#
###....##..###.#.#.#
......###......#.# #
..#...# ##.....#.#
..#...# ###...#.#
.##..## ####.#.# ###..#
####....#.############


You could see the friendly Yamquzzuhalamma the ancestor and 3 gnolls.

Vanquished Creatures
  Jessica (D:2)
  2 adders (D:2)
  A dart slug (D:2)
  3 ball pythons
  6 bats
  2 endoplasms
  2 goblins (D:1)
  2 quokkas (D:2)
  A frilled lizard (D:2)
  5 kobolds
  2 rats
27 creatures vanquished.

Vanquished Creatures (collateral kills)
  A dart slug (D:2)
  A bat (D:2)
  4 endoplasms
  A frilled lizard (D:2)
  A goblin (D:1)
  A kobold (D:2)
  A rat (D:2)
10 creatures vanquished.

Vanquished Creatures (others)
  An ancestor (D:2)
1 creature vanquished.

Grand Total: 38 creatures vanquished

Notes
Turn   | Place    | Note
-------+----------+-------------------------------------------
     0 | D:1      | flickminster the Human Necromancer began the quest for the
                  | Orb.
     0 | D:1      | Reached XP level 1. HP: 13/13 MP: 3/3
   998 | D:1      | Reached XP level 2. HP: 17/19 MP: 0/5
  1586 | D:2      | Found a faded altar of an unknown god.
  1589 | D:2      | Prayed at the altar of an unknown god.
  1589 | D:2      | Became a worshipper of Hepliaklqana the Forgotten
  1589 | D:2      | Reached * piety under Hepliaklqana
  1645 | D:2      | Reached XP level 3. HP: 8/21 MP: 2/6
  1930 | D:2      | Noticed Jessica
  1934 | D:2      | Killed Jessica
  1935 | D:2      | Reached XP level 4. HP: 24/27 MP: 5/7
  2192 | D:2      | Reached skill level 5 in Necromancy
  2686 | D:2      | Slain by a gnoll

Illustrated notes

Levels and vault maps discovered:
D:1:      dpeg_arrival_water_temple_mockup, layout_basic
D:2:      minmay_recursive_quarters, layout_basic, nicolae_ecumenical_oubliette,
          hangedman_decor_peaks_small, uniq_jessica

Skill      XL: |  1  2  3  4 |
---------------+-------------+-----
Necromancy     | 5 |  5.0
Maces & Flails | |  0.5
Staves         | |  0.2
Dodging        | |  2.1
Stealth        | |  2.3
Spellcasting   | |  2.5
Invocations    | |  0.2
Evocations     | |  0.3

Action                   |  1- 3 |  4- 6 || total
-------------------------+-------+-------++-------
Melee: Whip              |    19 |    24 ||    43
       Mace              |     1 |       ||     1
 Cast: Necrotise         |    24 |    14 ||    38
Invok: Ancestor Identity |     1 |       ||     1
 Stab: Sleeping          |     1 |     1 ||     2
Armor: Robe              |     8 |    13 ||    21
Dodge: Dodged            |    17 |    33 ||    50
